 Dungeon Crawl Stone Soup version 0.19-a0-1002-g674d22e (webtiles) character file.

2585 HAL9000 the Grappler (level 9, -9/70 (71) HPs)
             Began as a Mottled Draconian Transmuter on July 18, 2016.
             Was a Priest of Cheibriados.
             Mangled by a porcupine (11 damage)
             ... on level 8 of the Dungeon.
             The game lasted 00:18:01 (8468 turns).

HAL9000 the Grappler (Mottled Draconian Transmuter) Turns: 8468, Time: 00:18:02

HP:   -9/70 (71)    AC:  9    Str: 28    XL:     9   Next: 32%
MP:   16/21         EV: 15    Int: 21    God:    Cheibriados [***...]
Gold: 344           SH:  0    Dex: 21    Spells: 3 memorised, 6 levels left

rFire  . . .     SeeInvis .       - Unarmed
rCold  + . .     Gourm    +     (armour unavailable)
rNeg   . . .     Faith    .     (no shield)
rPois  .         Spirit   .     (helmet restricted)
rElec  .         Dismiss  .     K - +0 cloak
rCorr  .         Reflect  .     (no gloves)
SustAt .         Harm     .     L - +0 pair of boots
MR     .....                    A - amulet of the gourmand
Stlth  ++........               I - ring of magical power
                                v - ring of protection from cold

@: mighty, very slow, not resistant to hostile enchantments, unstealthy
A: breathe sticky flame splash, unfitting armour, cold-blooded, AC +7
a: Breathe Sticky Flame, Bend Time, Temporal Distortion, Renounce Religion


You were on level 8 of the Dungeon.
You worshipped Cheibriados.
Cheibriados was most pleased with you.
You were very full.

You visited 2 branches of the dungeon, and saw 9 of its levels.

You collected 344 gold pieces.

Inventory:

Missiles
 a - 32 arrows
Armour
 K - a +0 cloak (worn)
 L - a +0 pair of boots (worn)
Jewellery
 v - a ring of protection from cold (left hand)
 A - an amulet of the gourmand (around neck)
 E - an uncursed ring of fire
 I - a ring of magical power (right hand)
Wands
 B - a wand of polymorph (9/24)
 C - a wand of random effects (25/48)
Scrolls
 h - a scroll of magic mapping {unknown}
 i - a scroll of teleportation {unknown}
 j - a scroll of noise {unknown}
 m - a scroll of enchant weapon {unknown}
 o - 3 scrolls of identify {unknown}
 y - 4 scrolls of remove curse
 z - a scroll of immolation {unknown}
 O - a scroll of silence {unknown}
 Q - a scroll of enchant armour {unknown}
Potions
 d - a potion of curing {unknown}
 e - a potion of degeneration {unknown}
 l - a potion of cancellation {unknown}
 p - 3 potions of lignification {unknown}
 q - a potion of ambrosia {unknown}
 r - 2 potions of mutation {unknown}
 t - a potion of cure mutation {unknown}
 u - a potion of brilliance {unknown}
 x - 2 potions of might
 D - 3 potions of agility {unknown}
 F - a potion of heal wounds {unknown}
 H - a potion of berserk rage {unknown}
 M - a potion of magic {unknown}
Books
 b - a book of Changes

   Spells                             Type                      Level
   a - Beastly Appendage              Transmutation                1
   b - Sticks to Snakes               Transmutation                2
   c - Spider Form                    Transmutation/Poison         3
   d - Ice Form                       Ice/Transmutation            4
   e - Blade Hands                    Transmutation                5
Comestibles
 c - 9 bread rations
 f - 2 meat rations
 k - 3 fruits
 w - 2 slices of pizza
 N - 2 beef jerkies


   Skills:
 + Level 4.0 Fighting
 + Level 3.8 Dodging
 * Level 8.8 Unarmed Combat
 - Level 2.0 Spellcasting
 * Level 8.4 Transmutations


You had 6 spell levels left.
You knew the following spells:

 Your Spells              Type           Power        Failure   Level  Hunger
a - Beastly Appendage     Tmut           #####.       1%          1    #......
b - Sticks to Snakes      Tmut           #####...     1%          2    ##.....
c - Spider Form           Tmut/Pois      ###.......   10%         3    ###....


Dungeon Overview and Level Annotations

Branches:
Dungeon (8/15)             Temple (1/1) D:4            Lair (0/6) D:8

Altars:
Ashenzari
Cheibriados
Dithmenos
Elyvilon
Fedhas
Gozag
Hepliaklqana
Kikubaaqudgha
Nemelex Xobeh
Okawaru
Pakellas
Qazlal
Ru
Sif Muna
Trog
Uskayaw
Vehumet
Xom
Yredelemnul
The Shining One

Shops:
D:5 :[*%=

Annotations:
D:2 exclusion: oklob plant


Innate Abilities, Weirdness & Mutations

You can spit globs of burning liquid.
You can ignite nearby creatures when you spit burning liquid.
Your weird mottled scales are hard. (AC +7)
Your body does not fit into most forms of armour.
You are cold-blooded and may be slowed by cold attacks.


Message History

Your adder bites the yak but does no damage.
The porcupine closely misses you. The yak gores you!
* * * LOW HITPOINT WARNING * * *
Unknown command.
Okay, then.
Unknown command.
You hit the yak but do no damage.
The yak is poisoned.
The yak is lightly wounded.
Your adder barely misses the yak.
The porcupine misses you. The yak gores you!
* * * LOW HITPOINT WARNING * * *
The yak misses you. The yak completely misses you.
Your adder bites the yak.
Unknown command.
Your transformation has ended.
Your +0 cloak unmelds from your body.
Your +0 pair of boots unmelds from your body.
The basilisk hisses angrily.
Your adder barely misses the yak.
The porcupine twitches its whiskers.
The porcupine bites you!
You die...

#..........!.....PP........#.
#..............> .......##.#.
#..............♣..P♣....##.#.
#..............♣.....♣.....#.
#.......$.♣.......l.. #)...##
#.######..S.......... #.†..##
## #..YY........♣ #....##
#...r♣t...P... #.)))##
#...Y@........ #..)l##
#............. #..S.##
#............. #...<).
#.....######## #....##
####### #....# #....# #.##.#
#. #.# #. #.#


You could see 3 yaks, a basilisk, a crocodile, a porcupine and a friendly adder.

Vanquished Creatures
  Prince Ribbit (D:8)
  A hungry ghost (D:7)
  A yak (D:8)
  A water moccasin (D:8)
  2 porcupines (D:8)
  2 orc warriors
  A necrophage (D:6)
  An ogre (D:8)
  A phantom (D:7)
  A centaur (D:5)
  3 crocodiles
  A big kobold (D:7)
  4 giant frogs
  A howler monkey (D:7)
  2 crimson imps (D:6)
  2 giant frog zombies
  A jelly (D:8)
  2 orc priests
  2 orc wizards
  2 iguanas
  6 worker ants
  3 gnolls (D:7)
  7 adders
  2 oozes
  3 worms
  A dart slug (D:2)
  3 giant geckos
  27 orcs
  A giant cockroach (D:2)
  9 goblins
  10 hobgoblins
  16 jackals
  15 kobolds
  2 quokkas
  3 ball pythons
  5 bats
  A jackal zombie (D:7)
  7 rats
153 creatures vanquished.

Vanquished Creatures (collateral kills)
  A howler monkey (D:7)
  2 orc priests
  A jelly (D:8)
  An orc wizard (D:6)
  Jessica (D:3)
  An adder (D:2)
  5 orcs
  A kobold (D:7)
13 creatures vanquished.

Vanquished Creatures (others)
  2 bushes (D:8)
  2 fungi (D:8)
  6 plants (D:8)
  13 toadstools (D:2)
23 creatures vanquished.

Grand Total: 189 creatures vanquished

Notes
Turn   | Place    | Note
-------+----------+-------------------------------------------
     0 | D:1      | HAL9000 the Draconian Transmuter began the quest for the Orb.
     0 | D:1      | Reached XP level 1. HP: 16/16 MP: 3/3
   230 | D:1      | Reached XP level 2. HP: 22/23 MP: 5/5
   722 | D:1      | Reached XP level 3. HP: 28/28 MP: 4/6
  1012 | D:2      | Learned a level 2 spell: Sticks to Snakes
  1016 | D:2      | Learned a level 3 spell: Spider Form
  1394 | D:2      | Reached XP level 4. HP: 19/35 MP: 7/7
  1805 | D:2      | Found a blossoming altar of Fedhas.
  1815 | D:2      | Noticed an oklob plant
  2063 | D:3      | Noticed Jessica
  2077 | D:3      | Killed Jessica
  2192 | D:3      | Noticed a giant frog
  2205 | D:3      | Killed a giant frog
  2205 | D:3      | Reached XP level 5. HP: 39/40 MP: 0/8
  3215 | D:4      | Found an oddly glowing altar of Pakellas.
  3684 | D:4      | Found a staircase to the Ecumenical Temple.
  3866 | Temple   | Entered the Ecumenical Temple
  3989 | Temple   | Became a worshipper of Cheibriados the Contemplative
  4158 | D:5      | Entered Level 5 of the Dungeon
  4200 | D:5      | Found Hugeb's Antique Armour Shoppe.
  4265 | D:5      | Found Gozag's Platinum Reserve.
  4265 | D:5      | Found an opulent altar of Gozag.
  4267 | D:5      | Noticed a centaur
  4277 | D:5      | Killed a centaur
  4277 | D:5      | Reached skill level 5 in Unarmed Combat
  4277 | D:5      | Reached XP level 6. HP: 43/47 MP: 5/9
  4308 | D:5      | Found Bymuomat's Food Boutique.
  4463 | D:5      | Found Xomiagaf's Jewellery Shop.
  4625 | D:5      | Found Qeprebel's Book Emporium.
  4729 | D:6      | Reached skill level 5 in Transmutations
  4966 | D:6      | Reached * piety under Cheibriados
  5025 | D:6      | Noticed an orc warrior
  5045 | D:6      | Killed an orc warrior
  5121 | D:6      | Your scales start taking on a weird mottled colour.
  5121 | D:6      | Reached XP level 7. HP: 43/52 MP: 2/10
  5858 | D:6      | Reached ** piety under Cheibriados
  6086 | D:7      | Found a hide-covered altar of Uskayaw.
  6087 | D:7      | Found a radiant altar of Vehumet.
  6126 | D:7      | Reached XP level 8. HP: 35/58 MP: 11/11
  7049 | D:7      | HP: 3/60 [poisoned by a worker ant]
  7058 | D:7      | HP: 3/60 [poisoned by a worker ant]
  7064 | D:7      | HP: 3/60 [poisoned by a worker ant]
  7070 | D:7      | HP: 3/60 [poisoned by a worker ant]
  7368 | D:7      | Found a shattered altar of Ashenzari.
  7910 | D:8      | Reached *** piety under Cheibriados
  7912 | D:8      | Noticed Prince Ribbit
  7919 | D:8      | Killed Prince Ribbit
  7997 | D:8      | Reached XP level 9. HP: 43/69 MP: 12/12
  8455 | D:8      | Found a staircase to the Lair.
  8467 | D:8      | HP: 2/70 [yak (10)]
  8468 | D:8      | Mangled by a porcupine

Vault maps used:
D:1:      elethiomel_arrival_maze, minmay_pentomino_t2
D:2:      tgw_fedhas
D:3:      first_bread, serial_bayou_pond_d, uniq_jessica
D:4:      corexii_shack_village, grunt_pakellas_sulfur
D:5:      nicolae_gozag_zags_fifth_avenue, serial_shops, kennysheep_mini_moat,
          shop, shop, shop_statue
D:6:      nicolae_zen_rock_garden
D:7:      marbit_many_paths, grunt_temple_overflow_open
D:8:      minmay_lair_entry_grove, uniq_prince_ribbit1
Temple:   nicolae_temple_elliptical

Skill      XL: |  1  2  3  4  5  6  7  8  9 |
---------------+----------------------------+-----
Transmutations | 3 4 5 6 8 |  8.4
Unarmed Combat | 4 5 7 8 |  8.8
Dodging        | 3 |  3.8
Fighting       | 3 4 |  4.0
Spellcasting   | |  2.0

Action                   |  1- 3 |  4- 6 |  7- 9 || total
-------------------------+-------+-------+-------++-------
Melee: Unarmed           |   149 |   168 |   207 ||   524
       Tailslap          |    10 |    16 |    12 ||    38
       Headbutt          |    10 |     3 |     4 ||    17
       Kick              |     4 |    11 |       ||    15
       Punch             |     2 |       |     4 ||     6
 Cast: Beastly Appendage |    20 |    25 |     5 ||    50
       Sticks to Snakes  |     1 |    26 |    21 ||    48
       Spider Form       |       |     4 |    14 ||    18
 Abil: Breathe Sticky Fl |       |       |     3 ||     3
Evoke: Wand              |       |     1 |       ||     1
  Use: Scroll            |       |     1 |       ||     1
       Potion            |       |       |     1 ||     1
 Stab: Sleeping          |       |     1 |       ||     1
       Distracted        |       |       |     1 ||     1
  Eat: Chunk             |     2 |    25 |    11 ||    38
Armor: Skin              |    55 |    54 |    29 ||   138
Dodge: Dodged            |   100 |   104 |   171 ||   375
